Map: Babylon LE

Players

SI 1 (Bardzo łatwa)

  • Race: Zerg Zerg
  • Spawn Location: 11:00

Romeo - Winner!

  • Race: Terran Terran
  • League: Gold
  • Spawn Location: 5:00

VOD

Have the link to the VOD?

Description

Time

  • Played on: July 25, 2023, 5:59 a.m.
  • Length: 9:03
Show
View Real Time Build Order
Export as new Build Order

SI 1 (Bardzo łatwa) Zerg 

Build Orders: Pool First 

Get SALT Encoding   

  12  0:00  Drone  
  13  0:12  Overlord  
  13  0:16  Drone  
  14  0:35  Spawning Pool  
  13  0:36  Extractor  
  13  0:40  Drone  
  13  0:47  Drone  
  14  0:53  Overlord  
  14  1:22  Queen  
  14  1:23  Zergling x2  
  17  1:35  Roach Warren  
  17  1:37  Extractor  
  15  1:40  Drone  
  15  1:43  Zergling x2  
  17  1:47  Drone  
  18  2:01  Drone  
  18  2:03  Zergling x2  
  20  2:12  Drone  
  21  2:23  Drone  
  22  2:30  Drone  
  22  2:34  Overlord  
  23  2:37  Drone  
  24  2:44  Drone  
  25  5:20  Zergling x2  
  24  5:24  Overlord  
  24  5:25  Queen  
  23  5:36  Spawning Pool  
  21  5:43  Drone, Overlord  
  22  6:01  Drone, Overlord  
  23  6:08  Drone  
  24  6:15  Drone  
  25  6:22  Drone  
  25  6:25  Roach Warren, Lair, Zergling x2  
  27  6:30  Drone  
  27  6:37  Drone  
  28  7:08  Roach  
  30  7:25  Overseer x2  
  30  7:29  Hatchery  
  29  7:46  Zergling x2  
  26  7:53  Overseer, Overlord  
  26  7:55  Overlord  
  9  8:06  Drone  
  9  8:07  Drone  
  9  8:08  Drone  
  9  8:09  Drone  
  9  8:10  Drone  
Show
View Real Time Build Order
Export as new Build Order

Romeo Terran - Winner!

Build Orders:  

Get SALT Encoding   

  12  0:00  SCV  
  13  0:13  SCV  
  14  0:17  Supply Depot  
  14  0:25  SCV  
  15  0:38  SCV  
  15  0:40  Barracks  
  16  0:45  Refinery  
  16  0:50  SCV  
  17  1:03  SCV  
  18  1:15  SCV  
  19  1:28  Barracks Reactor, Orbital Command  
  19  1:42  Command Center  
  19  1:53  SCV  
  20  1:55  Supply Depot  
  20  2:06  Marine x2  
  20  2:08  SCV  
  22  2:15  Barracks  
  22  2:22  SCV  
  23  2:25  Marine x2  
  25  2:33  Barracks  
  25  2:37  SCV  
  26  2:45  Marine x2  
  29  2:51  SCV  
  29  2:54  Orbital Command  
  29  3:03  Barracks Tech Lab, SCV, Marine x2  
  32  3:14  Supply Depot  
  32  3:15  SCV  
  32  3:19  Barracks Tech Lab  
  33  3:21  Marine x2  
  33  3:23  Stimpack  
  33  3:24  Marine  
  36  3:29  SCV x2  
  38  3:38  Combat Shield  
  38  3:39  Marine x2  
  41  3:41  SCV  
  41  3:43  Supply Depot  
  41  3:45  SCV  
  42  3:50  Refinery  
  42  3:51  Marine  
  42  3:52  Marine  
  42  3:53  SCV  
  45  4:01  SCV  
  45  4:02  Factory, Marine  
  47  4:13  SCV  
  47  4:14  SCV, Marine x3  
  47  4:15  Supply Depot  
  52  4:26  Marine  
  52  4:29  SCV  
  52  4:30  SCV  
  55  4:33  Command Center  
  55  4:37  Marine  
  56  4:38  Marine  
  56  4:41  SCV  
  56  4:42  SCV  
  56  4:44  Refinery  
  59  4:48  Factory Reactor  
  59  4:51  Starport  
  59  4:53  SCV  
  59  4:54  SCV  
  59  4:56  Marine  
  59  4:57  Marine x3  
  65  5:06  SCV, Refinery  
  66  5:11  SCV  
  67  5:14  Marine x2  
  67  5:18  Engineering Bay  
  67  5:19  Engineering Bay  
  69  5:23  Marine  
  70  5:39  Factory Tech Lab, Supply Depot x2  
  70  5:42  Supply Depot  
  70  5:44  SCV x2, Marine x4  
  70  5:49  Terran Infantry Weapons Level 1, Terran Infantry Armor Level 1  
  76  5:53  Orbital Command  
  76  6:02  Supply Depot, Marine x4  
  80  6:07  Supply Depot, Medivac  
  80  6:10  Medivac  
  84  6:14  Siege Tank  
  84  6:17  Orbital Command  
  87  6:19  Marine x4  
  91  6:28  SCV x2  
  91  6:32  Supply Depot  
  93  6:37  Marine x3  
  96  6:40  SCV x2, Armory  
  96  6:43  SCV  
  96  6:44  Marine  
  100  6:52  SCV  
  101  6:55  Supply Depot, Marine x3  
  101  6:56  Supply Depot, Siege Tank  
  101  6:57  Medivac  
  101  7:00  SCV  
  101  7:01  SCV  
  111  7:02  Marine  
  112  7:13  Barracks, Marine x2  
  114  7:16  Marine  
  114  7:17  Barracks  
  114  7:19  Refinery  
  114  7:20  Marine  
  114  7:21  SCV  
  114  7:22  Refinery  
  117  7:28  Supply Depot, Siege Tank  
  120  7:31  Marine  
  120  7:34  Supply Depot  
  121  7:41  SCV  
  121  7:42  Marine x3  
  121  7:43  Medivac  
  127  7:49  Marine  
  128  7:51  Supply Depot  
  128  7:58  SCV x2  
  128  7:59  SCV  
  128  8:00  Siege Tank, Marine x2  
  136  8:05  Barracks  
  136  8:06  Marine x3  
  136  8:07  Marine  
  136  8:10  SCV x2  
  136  8:11  SCV  
  143  8:17  Barracks  
  143  8:19  Marine x2  
  145  8:22  SCV  
  145  8:23  SCV x2  
  145  8:24  Marine x2  
  152  8:32  Barracks Reactor  
  152  8:33  Barracks Reactor  
  153  8:35  SCV  
  153  8:36  Marine  
  153  8:37  Marine  
  160  8:42  Marine x2  
  160  8:44  Barracks  
  160  8:47  SCV x2  
  164  8:50  SCV  
Tags
 
League
Gold
Matchup
TvZ
Opening
Pool First
Spawn Locations
Cross Positions
Add a new tag
Caveats
  • Supply blocks, unpowered buildings, or Contaminate may cause inaccurate times.
  • Supply counts are checked every 10 seconds.